Map: Jagannatha LE

Players

Vanya

  • Race: Zerg Zerg
  • League: Grandmaster
  • Spawn Location: 1:00

GunGFuBanDa - Winner!

  • Race: Protoss Protoss
  • League: Grandmaster
  • Spawn Location: 7:00

Event: DreamHack SC2 Masters 2020 Winter

VOD

Have the link to the VOD?

Description

Time

  • Played on: Oct. 29, 2020, 12:15 p.m.
  • Length: 15:37

All games in this series

Show
View Real Time Build Order
Export as new Build Order

Vanya Zerg 

Build Orders: Hatch First, Brood Lord Corruptor, Muta Ling Bane 

Get SALT Encoding   

  12  0:00  Drone  
  13  0:12  Overlord  
  13  0:16  Drone  
  14  0:30  Drone  
  15  0:37  Drone  
  16  0:52  Drone, Hatchery  
  16  0:56  Drone  
  17  0:59  Drone  
  18  1:10  Extractor  
  17  1:14  Spawning Pool  
  17  1:17  Drone  
  17  1:20  Drone  
  18  1:29  Drone  
  19  1:45  Hatchery  
  18  1:48  Drone  
  18  1:51  Drone  
  20  2:01  Queen  
  22  2:10  Queen  
  22  2:14  Drone  
  25  2:18  Drone  
  25  2:22  Overlord  
  26  2:25  Zergling x2  
  26  2:28  Zergling x2  
  28  2:42  Drone x2  
  30  2:45  Drone x2  
  30  2:49  Overlord  
  32  2:56  Drone  
  32  2:57  Queen  
  35  3:00  Drone  
  35  3:01  Metabolic Boost  
  36  3:10  Drone  
  36  3:11  Drone x3  
  40  3:17  Drone  
  40  3:18  Drone  
  42  3:22  Overlord  
  42  3:25  Queen  
  44  3:27  Drone  
  44  3:31  Spore Crawler  
  44  3:32  Drone  
  45  3:35  Drone  
  45  3:36  Drone  
  47  3:43  Drone x3, Spore Crawler  
  47  3:47  Overlord  
  50  3:48  Drone  
  50  3:53  Drone x3  
  53  3:56  Zergling x4  
  55  4:05  Overlord  
  55  4:06  Drone x2  
  55  4:09  Drone  
  56  4:11  Drone x3  
  56  4:14  Spore Crawler  
  58  4:18  Queen  
  58  4:22  Drone  
  58  4:23  Spore Crawler  
  60  4:25  Drone x3  
  63  4:34  Lair  
  63  4:36  Overlord  
  63  4:37  Drone x2, Roach Warren  
  60  4:48  Drone x7  
  60  4:52  Extractor  
  65  4:53  Extractor, Overlord  
  65  4:55  Drone x3  
  65  5:00  Extractor  
  65  5:03  Drone x4, Evolution Chamber  
  67  5:12  Overlord  
  68  5:14  Zergling x6  
  68  5:16  Drone  
  68  5:18  Extractor  
  68  5:19  Extractor  
  69  5:21  Drone x2  
  69  5:22  Drone  
  69  5:24  Drone x4  
  72  5:32  Drone x4  
  72  5:33  Drone  
  77  5:38  Hatchery  
  75  5:43  Zerg Melee Weapons Level 1, Spire  
  75  5:48  Drone  
  75  5:49  Drone  
  72  5:50  Drone  
  72  5:51  Drone x3  
  75  5:57  Glial Reconstitution  
  75  6:00  Drone x4  
  75  6:01  Overseer  
  79  6:04  Roach  
  81  6:12  Overlord  
  81  6:14  Roach x4  
  81  6:16  Overlord  
  89  6:23  Zergling x12  
  94  6:32  Overlord  
  94  6:47  Drone x2  
  94  6:48  Drone x8  
  94  6:49  Drone  
  94  6:53  Drone  
  106  6:54  Overlord  
  106  6:55  Baneling Nest  
  105  7:05  Extractor  
  105  7:08  Extractor  
  103  7:09  Zerg Flyer Weapons Level 1  
  103  7:10  Roach x9  
  120  7:20  Overlord  
  120  7:21  Drone  
  121  7:27  Overlord  
  121  7:29  Ravager x3  
  124  7:38  Zerg Melee Weapons Level 2  
  124  7:40  Centrifical Hooks  
  122  7:45  Roach x10  
  122  7:47  Overlord x3  
  141  7:55  Overlord  
  133  7:59  Drone x4  
  133  8:00  Drone x2, Hatchery  
  133  8:03  Overlord x2  
  137  8:07  Drone x2  
  139  8:15  Mutalisk x7  
  139  8:17  Mutalisk  
  154  8:20  Mutalisk  
  154  8:23  Mutalisk x2  
  154  8:26  Mutalisk  
  162  8:42  Mutalisk x5  
  170  8:53  Drone x2  
  172  9:00  Mutalisk x4  
  180  9:03  Drone x8  
  180  9:04  Overlord  
  180  9:05  Mutalisk  
  188  9:20  Extractor  
  188  9:22  Extractor  
  184  9:29  Mutalisk x5  
  186  9:41  Mutalisk x2  
  186  9:47  Hatchery  
  186  9:49  Zergling x2  
  186  9:50  Zergling x20  
  196  9:56  Baneling  
  196  9:59  Infestation Pit  
  195  10:05  Hatchery, Overlord  
  181  10:18  Drone x2  
  181  10:20  Drone x3  
  161  10:22  Drone x10  
  161  10:26  Zergling x12  
  167  10:33  Baneling x14  
  167  10:45  Drone x2  
  167  10:48  Baneling x14  
  169  10:58  Drone x3, Hive  
  169  11:01  Zerg Missile Weapons Level 1  
  169  11:02  Zergling x12  
  178  11:06  Baneling x4  
  178  11:22  Roach x12  
  160  11:32  Roach  
  160  11:33  Roach x7  
  160  11:41  Baneling x8  
  160  11:42  Ravager x3  
  160  11:43  Ravager  
  164  11:48  Ravager  
  164  11:49  Zergling x24, Ravager x2  
  180  11:54  Ravager x5  
  180  11:56  Zergling x2  
  180  11:57  Zergling x10  
  180  11:59  Ravager x4  
  179  12:11  Spore Crawler  
  179  12:13  Drone  
  179  12:14  Drone x3  
  176  12:16  Greater Spire  
  176  12:18  Spore Crawler, Extractor x2  
  176  12:22  Drone x3  
  175  12:25  Spire  
  175  12:26  Baneling x12  
  170  12:43  Roach x12  
  168  12:52  Corruptor x4  
  168  12:55  Zerg Melee Weapons Level 3  
  169  13:00  Overseer  
  152  13:07  Corruptor x4  
  154  13:13  Drone x2  
  154  13:14  Drone x2  
  158  13:20  Overlord  
  158  13:26  Corruptor x3  
  162  13:28  Overlord  
  158  13:35  Ravager x2  
  158  13:36  Ravager  
  158  13:37  Drone x4  
  158  13:38  Overlord  
  161  14:07  Brood Lord x7  
  173  14:11  Zergling x8  
  170  14:18  Overseer  
  170  14:22  Drone x4  
  174  14:25  Brood Lord x2  
  174  14:31  Corruptor  
  178  14:34  Brood Lord  
  182  14:41  Corruptor x2  
  182  14:51  Spore Crawler  
  181  14:54  Corruptor x2  
  183  15:01  Corruptor x2  
Show
View Real Time Build Order
Export as new Build Order

GunGFuBanDa Protoss - Winner!

Build Orders: 1 Gate Expand, Oracle Opening, Archon Immortal 

Get SALT Encoding   

  12  0:00  Probe  
  13  0:12  Probe  
  14  0:20  Pylon  
  14  0:24  Probe  
  15  0:38  Probe (Chrono Boost)  
  15  0:41  Gateway  
  16  0:46  Probe (Chrono Boost)  
  17  0:52  Assimilator  
  17  0:53  Probe  
  18  1:05  Probe  
  19  1:17  Probe  
  20  1:27  Nexus  
  20  1:38  Cybernetics Core  
  20  1:40  Probe  
  20  1:45  Assimilator  
  21  1:52  Probe  
  22  1:57  Pylon  
  22  2:04  Probe  
  23  2:12  Adept (Chrono Boost)  
  25  2:17  Probe (Chrono Boost)  
  25  2:21  Stargate  
  26  2:27  Probe (Chrono Boost)  
  27  2:31  Warp Gate  
  27  2:33  Probe (Chrono Boost)  
  27  2:36  Adept  
  30  2:39  Probe (Chrono Boost)  
  32  2:49  Probe x2 (Chrono Boost)  
  33  2:54  Probe (Chrono Boost)  
  33  2:56  Probe  
  35  3:04  Oracle (Chrono Boost)  
  35  3:05  Probe  
  35  3:08  Probe  
  40  3:18  Gateway  
  40  3:19  Probe  
  41  3:21  Probe  
  41  3:24  Pylon  
  42  3:31  Probe  
  42  3:33  Oracle (Chrono Boost)  
  46  3:42  Probe  
  46  3:43  Probe  
  46  3:48  Nexus  
  48  3:54  Probe  
  48  3:55  Probe  
  50  3:56  Pylon  
  50  4:06  Probe  
  50  4:07  Probe  
  52  4:14  Oracle (Chrono Boost)  
  55  4:17  Assimilator x2  
  55  4:18  Probe  
  55  4:19  Probe  
  55  4:20  Stalker  
  55  4:23  Zealot  
  61  4:28  Pylon  
  61  4:30  Probe  
  62  4:38  Robotics Facility  
  62  4:46  Probe x2  
  62  4:48  Zealot x2  
  66  4:57  Pylon  
  68  5:00  Probe x2 (Chrono Boost)  
  68  5:06  Probe (Chrono Boost)  
  69  5:12  Twilight Council, Probe x2 (Chrono Boost)  
  71  5:15  Probe (Chrono Boost)  
  71  5:16  Forge  
  71  5:17  Zealot, Probe x2 (Chrono Boost), Sentry  
  71  5:20  Probe (Chrono Boost)  
  78  5:22  Shield Battery  
  78  5:26  Probe x2  
  81  5:32  Observer (Chrono Boost), Probe  
  81  5:35  Pylon  
  83  5:38  Charge, Probe x2  
  85  5:48  Protoss Ground Weapons Level 1 (Chrono Boost)  
  85  5:51  Probe x2  
  85  5:53  Probe, Immortal (Chrono Boost)  
  88  5:57  Assimilator  
  88  5:58  Assimilator  
  88  6:00  Gateway  
  88  6:02  Gateway, Zealot, Sentry  
  92  6:05  Gateway, Pylon  
  92  6:07  Observer  
  92  6:15  Gateway  
  92  6:17  Gateway x2  
  92  6:19  Probe  
  92  6:23  Pylon, Probe x2  
  95  6:25  Pylon  
  95  6:34  Probe  
  95  6:35  Probe  
  95  6:36  Pylon  
  95  6:37  Shield Battery  
  95  6:38  Pylon, Templar Archives  
  97  6:42  Phoenix (Chrono Boost)  
  99  6:47  Shield Battery  
  99  6:48  Pylon  
  99  6:49  Immortal (Chrono Boost)  
  103  6:58  Photon Cannon, Phoenix (Chrono Boost)  
  105  7:15  High Templar x2  
  105  7:16  High Templar x2, Zealot x3  
  105  7:17  Phoenix (Chrono Boost)  
  105  7:19  Warp Prism (Chrono Boost)  
  105  7:20  Archon  
  105  7:21  Archon  
  123  7:30  Pylon  
  123  7:32  Psionic Storm, Nexus  
  123  7:38  Probe x2  
  125  7:48  High Templar x2  
  129  7:57  Probe  
  128  7:59  Photon Cannon  
  128  8:01  Photon Cannon  
  128  8:03  Immortal (Chrono Boost)  
  128  8:04  Shield Battery  
  128  8:10  Shield Battery  
  128  8:12  Pylon  
  130  8:14  Protoss Ground Weapons Level 2 (Chrono Boost)  
  128  8:25  Zealot x7  
  128  8:26  Zealot  
  142  8:33  Probe x3  
  145  8:35  Immortal  
  145  8:40  Blink  
  146  8:45  Phoenix (Chrono Boost), Probe  
  147  8:54  Stalker x6  
  145  8:57  Zealot x2  
  145  9:01  Phoenix (Chrono Boost)  
  149  9:08  Protoss Air Weapons Level 1  
  151  9:14  Fleet Beacon  
  151  9:16  Assimilator x2, Photon Cannon  
  149  9:20  Phoenix (Chrono Boost)  
  136  9:41  Stalker x4, Phoenix (Chrono Boost)  
  136  9:43  Probe x2  
  148  9:46  Probe x2  
  148  9:48  Stargate  
  148  9:50  Anion Pulse-Crystals  
  150  9:53  Zealot x4  
  155  10:07  Stalker x2  
  155  10:11  Phoenix  
  137  10:36  High Templar x2, Phoenix  
  137  10:37  Probe  
  137  10:38  Pylon  
  137  10:39  Phoenix, Probe  
  137  10:40  Pylon, Probe  
  137  10:42  Phoenix  
  148  10:44  Gateway  
  148  10:45  Gateway  
  148  10:46  Protoss Ground Weapons Level 3 (Chrono Boost)  
  148  10:49  High Templar  
  150  10:54  Dark Shrine  
  150  11:01  Photon Cannon, Phoenix  
  150  11:02  Pylon  
  152  11:07  Phoenix  
  152  11:08  Immortal  
  158  11:17  Stalker x2  
  134  11:26  Probe x2  
  120  11:33  Probe (Chrono Boost)  
  120  11:34  Zealot  
  120  11:35  Probe (Chrono Boost)  
  117  11:42  Probe (Chrono Boost)  
  117  11:45  Probe (Chrono Boost)  
  119  11:47  High Templar, Probe (Chrono Boost)  
  119  11:48  High Templar x3  
  130  11:54  Probe (Chrono Boost)  
  130  11:56  Probe (Chrono Boost)  
  130  11:57  Probe (Chrono Boost)  
  130  12:04  Probe (Chrono Boost)  
  131  12:09  Probe (Chrono Boost)  
  131  12:11  Immortal  
  136  12:15  Dark Templar x2  
  136  12:20  Probe x3  
  143  12:24  Pylon  
  143  12:25  Zealot  
  143  12:26  Pylon, Zealot x6  
  147  12:49  Probe (Chrono Boost)  
  147  12:50  Warp Prism  
  147  12:51  Probe (Chrono Boost)  
  152  12:52  Phoenix (Chrono Boost), Probe (Chrono Boost)  
  152  12:57  High Templar  
  159  12:59  Pylon  
  159  13:00  Phoenix (Chrono Boost), Probe (Chrono Boost)  
  145  13:16  Probe x2  
  145  13:17  High Templar, Zealot  
  151  13:24  Protoss Air Weapons Level 2 (Chrono Boost)  
  151  13:27  Protoss Shields Level 1 (Chrono Boost), Probe x2  
  151  13:36  Probe x2  
  153  13:50  Dark Templar  
  153  13:51  Dark Templar x4  
  153  13:53  Probe  
  153  13:54  Probe  
  165  14:03  Nexus  
  165  14:07  Zealot x4  
  153  14:31  Carrier x2  
  161  14:48  Probe x2  
  161  14:49  Pylon  
  163  14:52  Assimilator  
  163  14:58  Stargate  
  159  15:03  Stalker x9  
Tags
 
Add a new tag
Caveats
  • Supply blocks, unpowered buildings, or Contaminate may cause inaccurate times.
  • Supply counts are checked every 10 seconds.